AoeStats
← toomuchdog

MegaRandom

506329606Analyzed
1v1 RM · 21d ago on Sep 13, 2026· 27m 49s· 2 players
Game mode
Random Map
Map size
Tiny (2 player)
Population
200
Speed
Normal
Resources
Standard
Victory
Conquest
Starting age
Dark Age
Ending age
Imperial Age
RankedLock teamsTeams togetherTeam positionsShared explorationLock speedFull tech treeHidden civsTurbo modeCheats
Victory
Defeat
🇨🇦 Berbers · Canada
1336
+16
🇯🇵 Bulgarians · Japan
1333
-16
ezechias
10:56 Feudal Age
9:12 Loom
13:48 Scale Mail Armor
13:58 Forging
22:41 Castle Age
20:29 Horse Collar
21:24 Padded Archer Armor
21:15 Fletching
21:57 Double-Bit Axe
22:31 Gold Mining
22:50 Elite Skirmisher
23:27 Bodkin Arrow
26:56 Pikeman
toomuchdog
6:45 Loom
8:59 Feudal Age
9:30 Double-Bit Axe
11:17 Horse Collar
18:43 Castle Age
17:53 Fletching
19:08 Padded Archer Armor
19:04 Crossbowman
20:13 Bodkin Arrow
23:07 Town Watch
Connection lost

Rejoining the realm…

Still unreachable

The connection could not be restored.

Session expired

The server has moved on; the page needs a fresh start.